| TOP OF THE 1ST |
|
Madison Brewers batting - Pitching for Oakland Oaks : LHP Artemio Millares
|
|
Pitching: LHP Artemio Millares
|
|
|
Batting: RHB Ben Follett
|
0-0: Called Strike 0-1: Ball 1-1: Ball 2-1: Foul Ball, location: 2F 2-2: Foul Ball, location: 2F 2-2: Strikes out swinging
|
|
Batting: RHB Malcolm McCauley
|
0-0: Fly out, F9 (Flyball, 89D, EV 110.0 MPH)
|
|
Batting: RHB Jelani Griffin
|
0-0: Ball 1-0: Swinging Strike 1-1: SINGLE (Groundball, 4MD, EV 103.8 MPH)
|
|
Batting: RHB Cory Taylor
|
0-0: Called Strike 0-1: Fielders Choice at 2nd, 5-4 (Groundball, 5, EV 81.2 MPH)
|
| Top of the 1st over - 0 runs, 1 hit, 0 errors, 1 left on base; Madison 0 - Oakland 0 |
| BOTTOM OF THE 1ST |
|
Oakland Oaks batting - Pitching for Madison Brewers : LHP Gordie Dennis
|
|
Pitching: LHP Gordie Dennis
|
|
|
Batting: RHB Robby Britton
|
0-0: Reached on error, E4 (Groundball, 4M, EV 92.5 MPH)
|
|
Batting: RHB Kasey Sands
|
0-0: Foul Ball, location: 2F 0-1: Ball 1-1: Called Strike 1-2: Foul Ball, location: 2F 1-2: Fly out, F8 (Flyball, 8RS, EV 90.0 MPH)
|
|
Batting: LHB Justin LeFlore
|
0-0: Ball 1-0: Fly out, F7 (Flyball, 7, EV 73.1 MPH)
|
|
Batting: SHB Chris King
|
0-0: Called Strike Robby Britton is caught stealing 2nd base 2-4
|
| Bottom of the 1st over - 0 runs, 0 hits, 1 error, 0 left on base; Madison 0 - Oakland 0 |
| TOP OF THE 2ND |
|
Madison Brewers batting - Pitching for Oakland Oaks : LHP Artemio Millares
|
|
Batting: RHB Kelan Rae
|
0-0: Called Strike 0-1: Ball 1-1: Ball 2-1: Ball 3-1: Base on Balls
|
|
Batting: RHB Patrick Foote
|
0-0: Ball 1-0: Fly out, F9 (Flyball, 89M, EV 82.5 MPH)
|
|
Batting: RHB Dave Guevara
|
0-0: Ball 1-0: Ball 2-0: Foul Ball, location: 2F 2-1: Ball 3-1: Foul Ball, location: 2F 3-2: Foul Ball, location: 2F 3-2: Base on Balls Kelan Rae to second
|
|
Batting: LHB Andy Underwood
|
0-0: Ball 1-0: Ball 2-0: Foul Ball, location: 2F 2-1: Fielders Choice at 2nd, 4-6 (Groundball, 4, EV 87.5 MPH) Kelan Rae to third
|
|
Batting: RHB Joe Schoonmaker
|
0-0: Called Strike 0-1: Foul Ball, location: 2F 0-2: Ball 1-2: Strikes out swinging
|
| Top of the 2nd over - 0 runs, 0 hits, 0 errors, 2 left on base; Madison 0 - Oakland 0 |
| BOTTOM OF THE 2ND |
|
Oakland Oaks batting - Pitching for Madison Brewers : LHP Gordie Dennis
|
|
Batting: SHB Chris King
|
0-0: Called Strike 0-1: Fly out, F8 (Flyball, 89M, EV 85.6 MPH)
|
|
Batting: RHB Moises Guzman
|
0-0: Called Strike 0-1: Called Strike 0-2: Ball 1-2: Foul Ball, location: 2F 1-2: Fly out, F8 (Flyball, 78S, EV 79.4 MPH)
|
|
Batting: LHB Chris Davidson
|
0-0: Called Strike 0-1: Swinging Strike 0-2: Foul Ball, location: 2F 0-2: Ball 1-2: Ground out 4-3 (Groundball, 4, EV 83.8 MPH)
|
| Bottom of the 2nd over - 0 runs, 0 hits, 0 errors, 0 left on base; Madison 0 - Oakland 0 |
| TOP OF THE 3RD |
|
Madison Brewers batting - Pitching for Oakland Oaks : LHP Artemio Millares
|
|
Batting: RHB Ben Follett
|
0-0: Ball 1-0: Foul Ball, location: 2F 1-1: Foul Ball, location: 2F 1-2: Ball 2-2: Foul Ball, location: 2F 2-2: Foul Ball, location: 2F 2-2: SINGLE (Flyball, 9LS, EV 98.1 MPH)
|
|
Batting: RHB Malcolm McCauley
|
0-0: Called Strike 0-1: Foul Ball, location: 2F 0-2: Strikes out swinging
|
|
Batting: RHB Jelani Griffin
|
0-0: Ball 1-0: Called Strike Ben Follett steals 2nd, throwing error, E2 Ben Follett to third 1-1: Foul Ball, location: 2F 1-2: Ball 2-2: Foul Ball, location: 2F 2-2: Ball 3-2: Fly out, F9 (Flyball, 89D, EV 109.4 MPH) Runner from 3rd tags up, SCORES, no throw by RF
|
|
Batting: RHB Cory Taylor
|
0-0: Ball 1-0: Foul Ball, location: 2F 1-1: Swinging Strike 1-2: Ball 2-2: Strikes out swinging
|
| Top of the 3rd over - 1 run, 1 hit, 1 error, 0 left on base; Madison 1 - Oakland 0 |
| BOTTOM OF THE 3RD |
|
Oakland Oaks batting - Pitching for Madison Brewers : LHP Gordie Dennis
|
|
Batting: RHB Edwin Nunez
|
0-0: Called Strike 0-1: Fly out, F7 (Line Drive, 7S, EV 103.1 MPH)
|
|
Batting: RHB Alex Vidal
|
0-0: Called Strike 0-1: Fly out, F7 (Flyball, 7D, EV 80.0 MPH)
|
|
Batting: RHB Matt Nehman
|
0-0: Ball 1-0: Fly out, F8 (Flyball, 8RD, EV 103.8 MPH)
|
| Bottom of the 3rd over - 0 runs, 0 hits, 0 errors, 0 left on base; Madison 1 - Oakland 0 |
| TOP OF THE 4TH |
|
Madison Brewers batting - Pitching for Oakland Oaks : LHP Artemio Millares
|
|
Batting: RHB Kelan Rae
|
0-0: Ground out 1-3 (Groundball, P, EV 68.1 MPH)
|
|
Batting: RHB Patrick Foote
|
0-0: Foul Ball, location: 2F 0-1: Ball 1-1: Ball 2-1: Swinging Strike 2-2: Foul Ball, location: 2F 2-2: Ball 3-2: Fly out, F9 (Flyball, 9, EV 89.4 MPH)
|
|
Batting: RHB Dave Guevara
|
0-0: Called Strike 0-1: Fly out, F9 (Flyball, 9, EV 96.2 MPH)
|
| Top of the 4th over - 0 runs, 0 hits, 0 errors, 0 left on base; Madison 1 - Oakland 0 |
| BOTTOM OF THE 4TH |
|
Oakland Oaks batting - Pitching for Madison Brewers : LHP Gordie Dennis
|
|
Batting: RHB Robby Britton
|
0-0: Swinging Strike 0-1: Foul Ball, location: 2F 0-2: Foul Ball, location: 2F 0-2: Ball 1-2: Strikes out swinging
|
|
Batting: RHB Kasey Sands
|
0-0: Swinging Strike 0-1: Called Strike 0-2: Ball 1-2: Strikes out swinging
|
|
Batting: LHB Justin LeFlore
|
0-0: Called Strike 0-1: Ground out 4-3 (Groundball, 4, EV 80.0 MPH)
|
| Bottom of the 4th over - 0 runs, 0 hits, 0 errors, 0 left on base; Madison 1 - Oakland 0 |
| TOP OF THE 5TH |
|
Madison Brewers batting - Pitching for Oakland Oaks : LHP Artemio Millares
|
|
Batting: LHB Andy Underwood
|
0-0: SINGLE (Flyball, 5D, EV 85.6 MPH)
|
|
Batting: RHB Joe Schoonmaker
|
0-0: Called Strike 0-1: Ball Andy Underwood is caught stealing 2nd base 2-4 1-1: Fly out, F9 (Flyball, 9S, EV 87.5 MPH)
|
|
Batting: RHB Ben Follett
|
0-0: Foul Ball, location: 2F 0-1: Foul Ball, location: 2F 0-2: Foul Ball, location: 2F 0-2: Ball 1-2: Ball 2-2: Ball 3-2: SINGLE (Line Drive, 8LS, EV 86.9 MPH)
|
|
Batting: RHB Malcolm McCauley
|
0-0: Ball Ben Follett steals 2nd base (no throw) 1-0: Foul Ball, location: 2F 1-1: Foul Ball, location: 2F 1-2: Foul Ball, location: 2F 1-2: Ground out 6-3 (Groundball, 6, EV 100.6 MPH)
|
| Top of the 5th over - 0 runs, 2 hits, 0 errors, 1 left on base; Madison 1 - Oakland 0 |
| BOTTOM OF THE 5TH |
|
Oakland Oaks batting - Pitching for Madison Brewers : LHP Gordie Dennis
|
|
Batting: SHB Chris King
|
0-0: Ball 1-0: Called Strike 1-1: Swinging Strike 1-2: Strikes out swinging
|
|
Batting: RHB Moises Guzman
|
0-0: Ground out 6-3 (Groundball, 6, EV 81.9 MPH)
|
|
Batting: LHB Chris Davidson
|
0-0: Ball 1-0: Foul Ball, location: 2F 1-1: Foul Ball, location: 2F 1-2: Foul Ball, location: 2F 1-2: Strikes out swinging
|
| Bottom of the 5th over - 0 runs, 0 hits, 0 errors, 0 left on base; Madison 1 - Oakland 0 |
| TOP OF THE 6TH |
|
Madison Brewers batting - Pitching for Oakland Oaks : LHP Artemio Millares
|
|
Batting: RHB Jelani Griffin
|
0-0: Swinging Strike 0-1: Foul Ball, location: 2F 0-2: Ball 1-2: Ball 2-2: Foul Ball, location: 2F 2-2: Ball 3-2: Strikes out looking
|
|
Batting: RHB Cory Taylor
|
0-0: Called Strike 0-1: Foul Ball, location: 2F 0-2: Ball 1-2: Strikes out swinging
|
|
Batting: RHB Kelan Rae
|
0-0: Foul Ball, location: 2F 0-1: Foul Ball, location: 2F 0-2: Ball 1-2: Ball 2-2: Strikes out looking
|
| Top of the 6th over - 0 runs, 0 hits, 0 errors, 0 left on base; Madison 1 - Oakland 0 |
| BOTTOM OF THE 6TH |
|
Oakland Oaks batting - Pitching for Madison Brewers : LHP Gordie Dennis
|
|
Batting: RHB Edwin Nunez
|
0-0: Foul Ball, location: 2F 0-1: Ball 1-1: Ball 2-1: Ball 3-1: Ground out 6-3 (Groundball, 6, EV 83.8 MPH)
|
|
Batting: RHB Alex Vidal
|
0-0: Foul Ball, location: 2F 0-1: Fly out, F8 (Flyball, 78D, EV 81.2 MPH)
|
|
Batting: RHB Matt Nehman
|
0-0: Ball 1-0: Called Strike 1-1: Swinging Strike 1-2: Strikes out swinging
|
| Bottom of the 6th over - 0 runs, 0 hits, 0 errors, 0 left on base; Madison 1 - Oakland 0 |
| TOP OF THE 7TH |
|
Madison Brewers batting - Pitching for Oakland Oaks : LHP Artemio Millares
|
|
Batting: RHB Patrick Foote
|
0-0: Ball 1-0: Ball 2-0: Called Strike 2-1: Fly out, F7 (Line Drive, 7LM, EV 88.8 MPH)
|
|
Batting: RHB Dave Guevara
|
0-0: Ball 1-0: Ball 2-0: Ball 3-0: Base on Balls
|
|
Pitching: LHP Vincent Whittick
|
|
|
Pinch Hitting: RHB Ivan Rivera
|
0-0: Fly out, F9 (Flyball, 9D, EV 100.6 MPH)
|
|
Batting: RHB Joe Schoonmaker
|
0-0: Ball 1-0: Called Strike 1-1: Ball 2-1: Foul Ball, location: 2F 2-2: Foul Ball, location: 2F 2-2: Foul Ball, location: 2F 2-2: Ball 3-2: Strikes out looking
|
| Top of the 7th over - 0 runs, 0 hits, 0 errors, 1 left on base; Madison 1 - Oakland 0 |
| BOTTOM OF THE 7TH |
|
Oakland Oaks batting - Pitching for Madison Brewers : LHP Gordie Dennis
|
|
Now in RF: Rick Acevedo
|
|
|
Pinch Hitting: LHB Brian Canny
|
0-0: SINGLE (Groundball, 34D, EV 100.0 MPH)
|
|
Batting: RHB Kasey Sands
|
0-0: Ball 1-0: Foul Ball, location: 2F 1-1: SINGLE (Groundball, 34D, EV 98.8 MPH) Brian Canny to second Runner from 2nd tries for 3rd, SAFE, throw by RF made to third
|
|
Batting: LHB Justin LeFlore
|
0-0: Ball 1-0: Fly out, F8 (Flyball, 8RM, EV 88.1 MPH) Runner from 3rd tags up, SCORES, throw by CF
|
|
Batting: SHB Chris King
|
0-0: Ball 1-0: Swinging Strike 1-1: Ball 2-1: Called Strike 2-2: Strikes out swinging
|
|
Batting: RHB Moises Guzman
|
0-0: SINGLE (Groundball, 56S, EV 64.4 MPH) (infield hit) Kasey Sands to second
|
|
Batting: LHB Chris Davidson
|
0-0: Ball 1-0: Ball 2-0: Fly out, F8 (Flyball, 8LM, EV 91.9 MPH)
|
| Bottom of the 7th over - 1 run, 3 hits, 0 errors, 2 left on base; Madison 1 - Oakland 1 |
| TOP OF THE 8TH |
|
Madison Brewers batting - Pitching for Oakland Oaks : LHP Vincent Whittick
|
|
Now at 2B: Elijah Cobb
|
|
|
Batting: RHB Ben Follett
|
0-0: Ball 1-0: Ball 2-0: Foul Ball, location: 2F 2-1: Ball 3-1: Foul Ball, location: 2F 3-2: SINGLE (Flyball, 78S, EV 90.6 MPH)
|
|
Batting: RHB Malcolm McCauley
|
0-0: Called Strike Ben Follett is caught stealing 2nd base 2-4 0-1: Ground out 4-3 (Groundball, 4, EV 109.4 MPH)
|
|
Batting: RHB Jelani Griffin
|
0-0: Called Strike 0-1: Ground out 4-3 (Groundball, 4MS, EV 87.5 MPH)
|
| Top of the 8th over - 0 runs, 1 hit, 0 errors, 0 left on base; Madison 1 - Oakland 1 |
| BOTTOM OF THE 8TH |
|
Oakland Oaks batting - Pitching for Madison Brewers : LHP Gordie Dennis
|
|
Pinch Hitting: RHB Pat Betancourt
|
0-0: Ball 1-0: Ball 2-0: Ball 3-0: Base on Balls
|
|
Batting: RHB Alex Vidal
|
0-0: Ball 1-0: Ball 2-0: Ball 3-0: Called Strike 3-1: Foul Ball, location: 2F 3-2: Foul Ball, location: 2F 3-2: Strikes out swinging
|
|
Pitching: RHP Noah Peek
|
|
|
Pinch Hitting: LHB Justin Conley
|
0-0: Ball 1-0: Ball 2-0: Called Strike 2-1: Sac Bunt to 15S - play at first, batter OUT! 1-4 Pat Betancourt to second
|
|
Batting: RHB Elijah Cobb
|
0-0: Called Strike 0-1: Ball 1-1: Ball 2-1: Swinging Strike 2-2: Fly out, F7 (Line Drive, 7D, EV 88.8 MPH)
|
| Bottom of the 8th over - 0 runs, 0 hits, 0 errors, 1 left on base; Madison 1 - Oakland 1 |
| TOP OF THE 9TH |
|
Madison Brewers batting - Pitching for Oakland Oaks : LHP Vincent Whittick
|
|
Now at 1B: Jonathan Grabowski
|
|
|
Now at 3B: Ernie McLean
|
|
|
Batting: RHB Cory Taylor
|
0-0: Ball 1-0: Ball 2-0: Foul Ball, location: 2F 2-1: Swinging Strike 2-2: Foul Ball, location: 2F 2-2: Foul Ball, location: 2F 2-2: Strikes out looking
|
|
Batting: RHB Kelan Rae
|
0-0: Foul Ball, location: 2F 0-1: Swinging Strike 0-2: Ball 1-2: Fly out, F8 (Flyball, 78M, EV 89.4 MPH)
|
|
Pinch Hitting: RHB Mario Lopez
|
0-0: Ball 1-0: Ground out 6-3 (Groundball, 56, EV 105.6 MPH)
|
| Top of the 9th over - 0 runs, 0 hits, 0 errors, 0 left on base; Madison 1 - Oakland 1 |
| BOTTOM OF THE 9TH |
|
Oakland Oaks batting - Pitching for Madison Brewers : RHP Noah Peek
|
|
Now at C: Mario Lopez
|
|
|
Batting: RHB Kasey Sands
|
0-0: Ball 1-0: Foul Ball, location: 2F 1-1: Foul Ball, location: 2F 1-2: Foul Ball, location: 2F 1-2: Ground out 5-3 (Groundball, 5, EV 101.9 MPH)
|
|
Batting: LHB Justin LeFlore
|
0-0: Swinging Strike 0-1: Called Strike 0-2: Ball 1-2: Ball 2-2: Foul Ball, location: 2F 2-2: SINGLE (Groundball, 4MD, EV 103.1 MPH)
|
|
Batting: SHB Chris King
|
0-0: Called Strike Justin LeFlore steals 2nd base (no throw) 0-1: Foul Ball, location: 2F 0-2: Ball 1-2: Fly out, F9 (Flyball, 89S, EV 93.1 MPH)
|
|
Batting: RHB Moises Guzman
|
0-0: Intentional Walk
|
|
Batting: LHB Chris Davidson
|
0-0: Fly out, F7 (Flyball, 7, EV 89.4 MPH)
|
| Bottom of the 9th over - 0 runs, 1 hit, 0 errors, 2 left on base; Madison 1 - Oakland 1 |
| TOP OF THE 10TH |
|
Madison Brewers batting - Pitching for Oakland Oaks : LHP Vincent Whittick
|
|
Pitching: LHP Jason Hahn
|
|
|
Pinch Hitting: RHB Yang-cheng Kui
|
0-0: Called Strike 0-1: Ball 1-1: Swinging Strike 1-2: Ground out 5-3 (Groundball, 56S, EV 63.8 MPH)
|
|
Batting: RHB Rick Acevedo
|
0-0: Swinging Strike 0-1: Ball 1-1: SINGLE (Groundball, 34S, EV 65.0 MPH) (infield hit)
|
|
Batting: RHB Bobby Raya
|
0-0: Foul Ball, location: 2F 0-1: Ball 1-1: Fielders Choice at 2nd, 1-6 (Groundball, 13, EV 68.8 MPH)
|
|
Now at SS: Bill Helmer
|
|
|
Batting: RHB Ben Follett
|
0-0: Ball 1-0: Ball 2-0: Ball 3-0: Base on Balls Bobby Raya to second
|
|
Batting: RHB Malcolm McCauley
|
0-0: Ball 1-0: SINGLE (Groundball, 6, EV 94.4 MPH) Bobby Raya to third Ben Follett to second Runner from 3rd tries for Home, SAFE, throw by CF to home
|
|
Batting: RHB Jelani Griffin
|
0-0: DOUBLE (Line Drive, 3D, EV 99.4 MPH) Ben Follett scores Malcolm McCauley to third Runner from 3rd tries for Home, SAFE, throw by RF to trailing runner, OUT at third! 9-3-5
|
| Top of the 10th over - 3 runs, 3 hits, 0 errors, 0 left on base; Madison 4 - Oakland 1 |
| BOTTOM OF THE 10TH |
|
Oakland Oaks batting - Pitching for Madison Brewers : RHP Noah Peek
|
|
Pitching: LHP Matt Rhinehart
|
|
|
Now at 1B: Jelani Griffin
|
|
|
Now at 2B: Jackson Wither
|
|
|
Now at 3B: Tony Coyt
|
|
|
Now at SS: Alejandro Collazo
|
|
|
Now in LF: Sammar Wambugu
|
|
|
Batting: RHB Jonathan Grabowski
|
0-0: Called Strike 0-1: Ball 1-1: Ball 2-1: Foul Ball, location: 2F 2-2: Ball 3-2: Base on Balls
|
|
Batting: LHB Bill Helmer
|
0-0: Foul Ball, location: 2F 0-1: Called Strike 0-2: Ball 1-2: Fielders Choice at 2nd, 4-6 (Groundball, 4M, EV 93.1 MPH)
|
|
Batting: RHB Ernie McLean
|
0-0: Swinging Strike 0-1: Ball 1-1: SINGLE (Line Drive, 8RS, EV 100.0 MPH) Bill Helmer to second
|
|
Pinch Hitting: RHB Ricky Furst
|
0-0: Called Strike 0-1: Called Strike 0-2: Ball 1-2: Ball 2-2: Ball 3-2: Strikes out swinging
|
|
Batting: RHB Kasey Sands
|
0-0: Called Strike 0-1: Ball 1-1: Ball 2-1: Ball 3-1: Foul Ball, location: 2F 3-2: Strikes out looking
|
| Bottom of the 10th over - 0 runs, 1 hit, 0 errors, 2 left on base; Madison 4 - Oakland 1 |
|